Map: Acid Plant LE

Players

Scarlett

  • Race: Zerg Zerg
  • Spawn Location: 5:00

Kelazhur - Winner!

  • Race: Terran Terran
  • League: Master
  • Spawn Location: 11:00

VOD

Have the link to the VOD?

Description

Time

  • Played on: Feb. 1, 2018, 6:16 p.m.
  • Length: 10:41
Show
View Real Time Build Order
Export as new Build Order

Scarlett Zerg 

Build Orders: Hatch First, Muta Ling Bane 

Get SALT Encoding   

  12  0:00  Drone  
  13  0:12  Overlord  
  13  0:17  Drone  
  14  0:31  Drone x2  
  14  0:35  Drone  
  17  0:50  Hatchery  
  17  0:55  Drone  
  17  0:58  Drone  
  18  1:08  Extractor  
  17  1:13  Spawning Pool  
  17  1:16  Drone  
  17  1:19  Drone  
  18  1:28  Drone  
  19  1:40  Drone  
  20  1:50  Overlord  
  20  1:59  Queen  
  22  2:02  Queen  
  22  2:03  Zergling x4  
  22  2:07  Metabolic Boost  
  26  2:16  Drone x2  
  28  2:23  Drone  
  28  2:24  Drone  
  30  2:33  Hatchery  
  29  2:40  Drone x2  
  31  2:46  Queen  
  31  2:51  Overlord  
  33  2:55  Drone x2  
  34  3:02  Evolution Chamber  
  33  3:06  Zergling x4  
  33  3:08  Drone  
  33  3:10  Drone x2  
  38  3:13  Drone  
  38  3:15  Drone  
  40  3:22  Drone x2  
  40  3:26  Overlord  
  42  3:31  Drone x2  
  42  3:32  Zerg Melee Weapons Level 1  
  44  3:43  Queen, Overlord  
  44  3:44  Drone  
  44  3:45  Drone  
  48  3:50  Queen  
  48  3:52  Drone  
  51  3:56  Zergling x4  
  51  3:57  Drone  
  51  3:58  Drone  
  51  4:00  Drone  
  56  4:08  Zergling x2  
  56  4:09  Drone x3  
  61  4:10  Drone  
  61  4:15  Queen  
  63  4:20  Overlord  
  63  4:23  Queen  
  65  4:25  Overlord  
  65  4:28  Overlord  
  65  4:30  Overlord  
  65  4:31  Overlord  
  65  4:37  Baneling Nest  
  64  4:38  Overlord  
  63  4:51  Spore Crawler x2  
  63  4:52  Zergling x16  
  69  4:57  Drone x4  
  73  5:04  Queen  
  73  5:06  Lair  
  73  5:07  Drone x2  
  76  5:09  Extractor  
  76  5:11  Extractor  
  75  5:21  Spore Crawler  
  73  5:29  Drone x6, Overlord  
  73  5:30  Drone x2  
  73  5:31  Zerg Ground Armor Level 1  
  73  5:34  Drone  
  73  5:35  Drone  
  83  5:38  Evolution Chamber  
  83  5:42  Drone x7  
  89  5:48  Drone  
  89  5:49  Drone x2  
  86  6:00  Hatchery  
  86  6:01  Drone x3  
  86  6:04  Drone x2, Extractor  
  88  6:11  Zerg Melee Weapons Level 2  
  88  6:17  Drone x3  
  89  6:24  Drone x2  
  89  6:25  Drone x7  
  98  6:27  Extractor, Centrifical Hooks  
  98  6:28  Extractor  
  98  6:29  Baneling x4  
  96  6:35  Zergling x14  
  96  6:39  Zergling x2  
  101  6:40  Zergling x2  
  101  6:46  Zergling x8  
  105  6:49  Drone  
  105  6:52  Drone  
  107  6:54  Drone  
  107  6:55  Spire  
  107  7:02  Overlord  
  107  7:03  Overlord  
  107  7:17  Overlord x3  
  107  7:18  Drone x5  
  107  7:22  Hatchery  
  111  7:23  Zergling x10  
  115  7:35  Zerg Ground Armor Level 2, Overlord  
  115  7:38  Drone x6  
  115  7:42  Extractor  
  121  7:44  Drone x3  
  121  7:45  Drone x3, Extractor  
  121  7:50  Overlord  
  121  7:51  Overlord  
  125  7:52  Zergling x10  
  130  8:00  Baneling  
  130  8:01  Baneling x7  
  130  8:02  Baneling x7  
  130  8:04  Zergling x12  
  134  8:10  Zergling x6  
  134  8:11  Zergling x2  
  115  8:34  Mutalisk x9  
  115  8:38  Hatchery  
  132  8:41  Infestation Pit  
  132  8:45  Drone x3  
  132  8:48  Drone x3, Extractor  
  136  8:50  Baneling x5, Hatchery  
  136  8:54  Pneumatized Carapace  
  135  8:57  Overseer  
  133  9:11  Mutalisk x2  
  133  9:14  Zergling x18  
  133  9:15  Zergling x4  
  148  9:19  Overlord  
  134  9:34  Mutalisk x2  
  134  9:36  Zergling x2  
  134  9:37  Zergling x14  
  146  9:41  Zergling x2  
  146  9:42  Zergling x8  
  151  9:47  Baneling x4  
  151  9:48  Baneling x3  
  151  9:50  Overlord x4  
  151  9:52  Zergling x4  
  153  9:56  Baneling  
  153  9:57  Baneling x9  
  153  9:58  Zergling x2  
  154  10:00  Baneling x2  
  154  10:02  Zergling x8  
  130  10:14  Zergling x6  
  130  10:15  Zergling x14  
  130  10:18  Baneling  
  130  10:19  Baneling x6  
Show
View Real Time Build Order
Export as new Build Order

Kelazhur Terran - Winner!

Build Orders: Command Center First (CC), MMM Bio 

Get SALT Encoding   

  12  0:00  SCV  
  13  0:12  SCV  
  14  0:17  Supply Depot  
  14  0:24  SCV  
  15  0:38  SCV  
  16  0:50  SCV  
  17  0:58  Command Center  
  17  1:02  SCV  
  18  1:12  Barracks  
  18  1:15  SCV  
  19  1:20  Refinery  
  19  1:27  SCV  
  19  1:29  Refinery  
  20  1:39  SCV  
  22  1:59  Reaper, Orbital Command  
  22  2:09  Orbital Command  
  22  2:18  Factory  
  22  2:24  SCV  
  23  2:32  Barracks Reactor  
  23  2:33  Supply Depot  
  23  2:36  SCV x2  
  25  2:48  SCV  
  25  2:49  SCV  
  27  3:00  SCV  
  27  3:01  SCV  
  27  3:05  Starport  
  29  3:12  Hellion x2, SCV  
  34  3:13  SCV  
  34  3:15  Barracks Tech Lab  
  35  3:24  SCV  
  35  3:25  SCV  
  37  3:33  Hellion x2  
  41  3:37  SCV x2  
  41  3:38  Supply Depot  
  43  3:48  Viking  
  45  3:49  SCV  
  45  3:54  Supply Depot  
  46  3:56  High Capacity Fuel Tanks  
  46  4:00  SCV, Hellion x2  
  46  4:01  SCV  
  52  4:06  Supply Depot  
  52  4:10  Liberator  
  52  4:12  SCV  
  52  4:13  SCV  
  52  4:15  Command Center  
  57  4:24  SCV  
  57  4:25  SCV  
  57  4:29  Barracks Tech Lab  
  59  4:33  Barracks  
  59  4:34  Barracks  
  59  4:36  SCV  
  59  4:37  SCV  
  61  4:44  Supply Depot  
  61  4:45  Supply Depot  
  59  4:48  SCV, Stimpack, Marine  
  59  4:49  SCV, Factory Reactor  
  62  4:54  Refinery x2  
  62  5:00  SCV  
  62  5:03  Engineering Bay  
  62  5:04  Engineering Bay  
  62  5:05  SCV, Marine  
  65  5:13  SCV  
  66  5:17  SCV  
  66  5:21  Marine x2  
  67  5:23  Marine  
  67  5:25  Starport Reactor, SCV  
  67  5:28  Orbital Command  
  71  5:31  Marine x2  
  71  5:32  SCV  
  71  5:33  Barracks  
  71  5:35  Barracks  
  74  5:38  SCV  
  74  5:39  Marine x2  
  74  5:41  Marine, Terran Infantry Weapons Level 1  
  78  5:43  Terran Infantry Armor Level 1  
  78  5:46  SCV  
  78  5:48  Marine  
  78  5:49  Marine  
  81  5:51  SCV  
  81  5:57  Marine x2  
  82  5:59  Marine  
  82  6:01  Siege Tank, Medivac  
  82  6:03  Orbital Command, Medivac  
  92  6:04  SCV  
  92  6:06  SCV, Marine  
  95  6:14  Marine x2  
  95  6:16  SCV  
  98  6:18  SCV  
  98  6:21  Marine  
  98  6:23  Barracks Reactor x2  
  100  6:28  SCV  
  101  6:35  Armory  
  101  6:37  SCV x2  
  101  6:38  Supply Depot x2  
  103  6:40  SCV  
  103  6:42  Medivac x2  
  105  6:48  Siege Tank  
  105  6:50  SCV  
  109  6:55  Supply Depot x2  
  109  6:58  Combat Shields  
  109  7:00  SCV, Marine x2, Marauder  
  109  7:01  Marine  
  115  7:03  Marine  
  115  7:04  Marine  
  115  7:07  Marine x3  
  120  7:13  SCV x3  
  120  7:15  Refinery  
  123  7:17  Marine  
  123  7:18  Supply Depot  
  123  7:20  Siege Tank  
  127  7:23  Marine  
  127  7:24  Marine x2, Marauder  
  132  7:30  Marine  
  132  7:31  Medivac x2  
  132  7:36  Marine  
  138  7:39  Marine  
  139  7:45  Marine x3  
  139  7:47  Barracks x2  
  139  7:48  Supply Depot, Terran Infantry Weapons Level 2  
  139  7:49  Barracks  
  142  7:58  Terran Infantry Armor Level 2  
  142  8:01  Marauder  
  142  8:03  Marine  
  142  8:04  Marine x2  
  142  8:05  Marine x2  
  149  8:09  Marine x3  
  152  8:16  Medivac x2  
  152  8:18  Siege Tank  
  152  8:21  Marine  
  152  8:22  Supply Depot, Marauder  
  152  8:23  Supply Depot  
  147  8:28  Marine  
  147  8:30  Marine x5  
  147  8:31  Marine  
  139  8:36  Supply Depot  
  139  8:39  Supply Depot, Marine  
  139  8:40  Supply Depot  
  140  8:43  Marauder  
  140  8:46  Marine, Medivac x2  
  140  8:48  Marine x3  
  147  8:51  Siege Tank  
  153  8:57  Command Center  
  153  8:59  Marine x2  
  153  9:01  Marine  
  156  9:05  Marauder  
  158  9:11  Marine  
  158  9:14  Missile Turret  
  158  9:15  Missile Turret, Factory  
  158  9:16  Marine x4  
  158  9:17  Marine x3  
  166  9:29  Unknown, Marine, Marauder  
  164  9:35  Thor  
  164  9:37  Marine  
  169  9:39  Marine x7  
  176  9:50  Marine, Medivac  
  176  9:51  Marine, Marauder  
  182  10:00  Refinery  
  182  10:01  Missile Turret  
  182  10:02  Marine  
  183  10:12  Marine x3, Marauder  
  183  10:13  Marine x7  
  167  10:18  Factory Reactor  
Tags
 
Add a new tag
Caveats
  • Supply blocks, unpowered buildings, or Contaminate may cause inaccurate times.
  • Supply counts are checked every 10 seconds.